[Event "*** Titled Tuesday Blitz"]
[Site "Chess.com"]
[Date "2020.02.04"]
[Round "1"]
[White "Gentlejimmy7"]
[Black "GoingKronos"]
[Result "0-1"]
[WhiteElo "2657"]
[BlackElo "2435"]
[TimeControl "180+2"]
[EndTime "13:08:22 PST"]
[Termination "GoingKronos won by resignation"]

1. d4 e6 2. Nf3 Nf6 3. g3 b6 4.
Bg2 Bb7 5. O-O Be7 6. c4 O-O 7. d5 Na6 8. Nc3 Bb4 9. Nh4 Bxc3 10. bxc3 Nc5 11. Ba3 Rb8 12. Rb1 Ba6 13. Qd4 d6 14. Rb4 exd5 15. cxd5 Bxe2 16. Re1 Bg4 17. Bc1 Re8 18. Rxe8+ Qxe8 19. Be3 Qd7 20. Rb1 Bh3 21. Bf3 Re8 22. Bg5 Nfe4 23. Re1 Nxg5 24. Rxe8+ Qxe8 25. Qd2 Nxf3+ 26. Nxf3 Qe4 27. Ne1 h6 28. f3 Qe5 29. Kf2 Bd7 30. Nc2 a5 31. Nd4 g6 32.
c4 Kg7 33. Qc3 h5 34. h4 Qf6 35. Ke3 Kh7 36. Qd2 Qe5+ 37. Kf2 Bf5 38. Ne2 Nd3+ 39. Kg2 Nc5 40. Kf2 Bd3 41. Nf4 Bxc4 42. Qc2 Bxd5 43.
a3 Be6 44. Qd2 Bf5 45. Nd5 Nd3+ 46. Kg2 Qxd5 47. Qc3 c5 48. Qf6 Qe6 49. Qd8 Ne5 50. Qg8+ Kxg8 0-1

[Event "*** Titled Tuesday Blitz"]
[Site "Chess.com"]
[Date "2020.02.04"]
[Round "1"]
[White "maciek_92"]
[Black "lelya96"]
[Result "1-0"]
[WhiteElo "2855"]
[BlackElo "2460"]
[TimeControl "180+2"]
[EndTime "13:08:24 PST"]
[Termination "maciek_92 won by resignation"]

1. e4 e5 2. Nf3 Nc6 3. Bb5 a6 4.
Ba4 Nf6 5. O-O b5 6. Bb3 Bc5 7. c3 d6 8. d4 Bb6 9. h3 O-O 10. a4 Bb7 11. Re1 h6 12. Na3 exd4 13. cxd4 Re8 14. d5 Nb4 15. Nc2 Nxe4 16. Nxb4 Bxf2+ 17.
Kf1 Bc5 18. Rxe4 Rxe4 19. Nd3 Bb6 20. a5 Ba7 21. Nf2 Re8 22. Qd3 Qf6 23. Bc2 c6 24. Ng4 Qg6 25. Qxg6 fxg6 26. Bxg6 cxd5 27. Bxe8 Rxe8 28.
Bd2 d4 29. Re1 Rf8 30. Re7 Bxf3 31. gxf3 Rxf3+ 32. Ke2 Rf7 33. Rxf7 Kxf7 34. Kd3 Ke6 35. b4 h5 36. Nh2 Kf5 37. Nf3 Kf6 38. Ke4 Ke6 39. Nxd4+ Bxd4 40. Kxd4 g6 41. h4 Kf5 42. Kd5 1-0

[Event "*** Titled Tuesday Blitz"]
[Site "Chess.com"]
[Date "2020.02.04"]
[Round "1"]
[White "Gabrielian_Artur"]
[Black "MishkaFighter"]
[Result "1/2-1/2"]
[WhiteElo "2778"]
[BlackElo "2439"]
[TimeControl "180+2"]
[EndTime "13:08:28 PST"]
[Termination "Game drawn by repetition"]

1. e4 c5 2. Nf3 e6 3. g3 Nf6 4.
Qe2 Nc6 5. Bg2 d5 6. exd5 Nxd5 7.
O-O Be7 8. Rd1 O-O 9. d4 Qb6 10. c4 Nf6 11. d5 Nd4 12. Nxd4 cxd4 13. Na3 Re8 14. Bg5 exd5 15. Bxf6 Qxf6 16. cxd5 Bf5 17. Qd2 Bc5 18. Nc4 d3 19. Re1 b5 20. Ne3 Bxe3 21. Rxe3 Rxe3 22. fxe3 Qe5 23. Re1 Be4 24. Bxe4 Qxe4 25.
Rd1 Qxd5 26. Qxd3 Qg5 27. e4 Re8 28. Kg2 h5 29. h4 Qe5 30. b3 Qxe4+ 31. Qxe4 Rxe4 32.
Rd5 Re2+ 33. Kf3 Rxa2 34. Rxh5 a6 35. Rc5 Ra3 36. Rc3 a5 37. Kf4 g6 38. g4 Kg7 39.
h5 a4 40. Kg5 gxh5 41. gxh5 Rxb3 42. h6+ Kh7 43. Rc7 Rg3+ 44. Kf4 Rb3 45. Kg5 a3 46. Rxf7+ Kg8 47. Rg7+ Kh8 48. Ra7 Rg3+ 49. Kh5 b4 50. Ra8+ Rg8 51. Ra7 Rb8 52. Kg6 Rb6+ 53. Kg5 Rb5+ 54.
Kg6 Rb6+ 55. Kg5 Rb5+ 56. Kf6 Rb6+ 57. Kg5 1/2-1/2

[Event "*** Titled Tuesday Blitz"]
[Site "Chess.com"]
[Date "2020.02.04"]
[Round "1"]
[White "DiamondCrusher22"]
[Black "LADIESGET2KNOWME"]
[Result "1-0"]
[WhiteElo "2006"]
[BlackElo "2492"]
[TimeControl "180+2"]
[EndTime "13:08:30 PST"]
[Termination "DiamondCrusher22 won by checkmate"]

1. e4 e5 2. Nf3 Nc6 3. Bb5 a6 4.
Ba4 Nge7 5. O-O g6 6. Re1 Bg7 7. c3 b5 8. Bb3 d6 9. h3 Na5 10. Bc2 c5 11. d3 O-O 12. Nbd2 h6 13. Nf1 f5 14. d4 Bb7 15. dxe5 dxe5 16. Qxd8 Raxd8 17. exf5 Bxf3 18. gxf3 gxf5 19. Be3 Rc8 20. Rad1 Nc4 21.
Bc1 Nb6 22. Rd6 Rc6 23. Rxc6 Nxc6 24. Rd1 Rf6 25. Ng3 Ne7 26. Rd8+ Kf7 27. Rb8 Nbd5 28.
Rb7 Kg8 29. Rd7 c4 30. Nxf5 Nxf5 31. Rxd5 Nh4 32. Rd8+ Kf7 33. Be4 Nxf3+ 34. Kf1 Ng5 35. Bd5+ Kg6 36. h4 Nh3 37. Be3 Kh5 38. Rg8 Bf8 39.
Kg2 Kxh4 40. Bf3 Nf4+ 41. Kh2 h5 42. Be4 Bh6 43. Rg3 a5 44. f3 b4 45. Bf2 Nd3 46. Rg4# 1-0

[Event "*** Titled Tuesday Blitz"]
[Site "Chess.com"]
[Date "2020.02.04"]
[Round "1"]
[White "Kislov_Oleg"]
[Black "Duhless"]
[Result "0-1"]
[WhiteElo "2512"]
[BlackElo "3054"]
[TimeControl "180+2"]
[EndTime "13:08:32 PST"]
[Termination "Duhless won by checkmate"]

1. e4 c5 2. Nf3 Nc6 3. c3 Nf6 4. e5 Nd5 5. d4 cxd4 6. cxd4 d6 7. Bc4 Nb6 8. Bb5 dxe5 9. Nxe5 Bd7 10. Nxd7 Qxd7 11.
Nc3 e6 12. Qg4 a6 13. Bxc6 Qxc6 14. O-O h5 15. Qg5 Rd8 16. Be3 Nd5 17. Ne4 Ne7 18. f3 Nf5 19. Bf2 Be7 20. Qf4 Nxd4 21. Kh1 Nf5 22.
Rac1 Qb5 23. g4 hxg4 24. fxg4 g5 25. Qf3 Rd3 26. Qe2 Rxh2+ 27. Kxh2 Rh3+ 28. Kxh3 Qxe2 29. gxf5 g4+ 30. Kh2 Qxe4 31. fxe6 fxe6 32. Bg3 Bd8 33. Rce1 Qd5 34. b3 Qh5+ 35. Kg1 Bb6+ 36. Bf2 g3 37. Rxe6+ Kd7 38. Rxb6 Qh2# 0-1

[Event "*** Titled Tuesday Blitz"]
[Site "Chess.com"]
[Date "2020.02.04"]
[Round "1"]
[White "PawnEatingZombie"]
[Black "Storne89"]
[Result "0-1"]
[WhiteElo "2304"]
[BlackElo "2642"]
[TimeControl "180+2"]
[EndTime "13:08:32 PST"]
[Termination "Storne89 won by resignation"]

1. d4 Nf6 2. c4 e6 3. Nc3 Bb4 4. Qc2 O-O 5. e4 d6 6. Bd3 e5 7. a3 Bxc3+ 8. bxc3 Nc6 9. Ne2 Nh5 10. O-O Bd7 11.
f4 exf4 12. Nxf4 Nxf4 13. Bxf4 h6 14. Qd2 Qh4 15. Rf3 f5 16. Bg3 Qh5 17. Raf1 fxe4 18. Bxe4 Rxf3 19. Rxf3 Ne7 20. c5 d5 21. Bc2 c6 22.
Qd3 g6 23. Rf6 Qg5 24. Be5 Bf5 25. Qe2 Qc1+ 26. Bd1 Rf8 27. g4 Be4 28. Rxf8+ Kxf8 29. Qf1+ Ke8 30. h4 Qxc3 31. Be2 Qe3+ 32. Qf2 Qc1+ 33. Bf1 Bd3 34. Qf6 Qxf1+ 35. Qxf1 Bxf1 36. Kxf1 h5 37. gxh5 gxh5 38. Kf2 Ng6 39. Bf6 Kd7 40. Kf3 Ke6 41. Bd8 Kf5 42. Be7 Nxe7 0-1

[Event "*** Titled Tuesday Blitz"]
[Site "Chess.com"]
[Date "2020.02.04"]
[Round "1"]
[White "jguerramzllo"]
[Black "AntonSmirnov"]
[Result "0-1"]
[WhiteElo "2470"]
[BlackElo "2897"]
[TimeControl "180+2"]
[EndTime "13:08:35 PST"]
[Termination "AntonSmirnov won by resignation"]

1. c4 e5 2. Nc3 Nf6 3. g3 c6 4. Bg2 d5 5. cxd5 cxd5 6. d3 d4 7. Ne4 Nxe4 8. Bxe4 Bb4+ 9. Bd2 Bxd2+ 10. Qxd2 O-O 11.
Bg2 Nc6 12. Nf3 Be6 13. O-O Bd5 14. Rfc1 Qd6 15. a3 Rac8 16. b4 Ne7 17. Rxc8 Rxc8 18. Rc1 Rxc1+ 19. Qxc1 f6 20. Nd2 Bxg2 21. Kxg2 Qc6+ 22.
Qxc6 Nxc6 23. Kf3 Kf7 24. e4 dxe3 25. fxe3 Ke6 26. Nb3 b6 27. e4 Kd6 28. Ke3 h5 29. Kd2 g6 30. Kc3 f5 31. b5 Nd8 32. Kc4 Ne6 33.
a4 Ng5 34. Nd2 Ke6 35. Kb4 f4 36. gxf4 exf4 37. d4 Nh3 38. Kc4 g5 39. Kd3 g4 40.
d5+ Kf6 41. Nc4 g3 42. hxg3 fxg3 43. e5+ Ke7 44. Ne3 Nf4+ 45. Ke4 g2 46. Nxg2 Nxg2 47. Kf5 Ne3+ 48. Ke4 Nxd5 49. Kxd5 h4 50. Ke4 Ke6 51. Kf4 h3 52. Kg3 Kxe5 53. Kxh3 Kd4 0-1

[Event "*** Titled Tuesday Blitz"]
[Site "Chess.com"]
[Date "2020.02.04"]
[Round "1"]
[White "Andro2"]
[Black "IMTominho"]
[Result "0-1"]
[WhiteElo "2424"]
[BlackElo "2802"]
[TimeControl "180+2"]
[EndTime "13:08:35 PST"]
[Termination "IMTominho won by resignation"]

1. e4 c5 2. Nf3 e6 3. d4 cxd4 4. Nxd4 a6 5. c4 Nf6 6. Nc3 Qc7 7. Qd3 b6 8. Be2 Bb7 9. Be3 Be7 10. O-O d6 11. f3 Nbd7 12. Rfc1 O-O 13. Kh1 Rac8 14.
Qd2 Rfe8 15. a4 Qb8 16. a5 bxa5 17. Rxa5 Bd8 18. Ra2 Bc7 19. Bg1 h5 20. Qg5 Ne5 21. b3 Ng6 22. Qd2 d5 23. cxd5 exd5 24. exd5 Bf4 25.
Qd1 Bxc1 26. Qxc1 Nxd5 27. Rc2 Nb4 28. Rd2 Qc7 29. Bc4 Ne5 30. Qa1 Nxc4 31. bxc4 Qxc4 32.
Nce2 h4 33. Nf5 f6 34. Nd6 Qb3 35. Nxc8 Qxf3 36. Nd4 Qf4 37. Rf2 Qc7 38. Qb2 a5 39. h3 Qxc8 40. Nf5 Be4 41. Nxh4 Qxh3+ 42. Bh2 Qxh4 43.
Qb3+ Bd5 44. Qb2 Nd3 0-1

[Event "*** Titled Tuesday Blitz"]
[Site "Chess.com"]
[Date "2020.02.04"]
[Round "1"]
[White "biostatistician"]
[Black "colegiodemadrid"]
[Result "1-0"]
[WhiteElo "2698"]
[BlackElo "2370"]
[TimeControl "180+2"]
[EndTime "13:08:36 PST"]
[Termination "biostatistician won by resignation"]

1. d4 Nf6 2. Nf3 c5 3. d5 b5 4.
c4 g6 5. cxb5 a6 6. b6 d6 7. Nc3 Nbd7 8. e4 Bg7 9. Bd3 O-O 10.
O-O Nxb6 11. h3 Rb8 12. Re1 Nfd7 13. Qe2 a5 14. Bg5 Na8 15. a4 Nc7 16. Rac1 Rb4 17.
Qc2 Ba6 18. Bxa6 Nxa6 19. Nb5 Rxb2 20. Qc4 Nb6 21. Qd3 Nb4 22. Qa3 Ra2 23. Qe3 Nxa4 24. e5 Qd7 25. Nc3 Nxc3 26. Qxc3 Nxd5 27. Qc4 Nb4 28.
Rcd1 Rc2 29. Qh4 Re8 30. exd6 exd6 31. Rxe8+ Qxe8 32. Rxd6 f6 33. Bxf6 Rc1+ 34. Kh2 Qb8 35. Qf4 Bf8 36. Be5 Bxd6 37. Bxd6 Qd8 38. Ng5 Qe8 39.
Qxc1 Nd3 40. Qc4+ Kg7 41. Qxd3 1-0

[Event "*** Titled Tuesday Blitz"]
[Site "Chess.com"]
[Date "2020.02.04"]
[Round "1"]
[White "2nd_life"]
[Black "Hrant_ChessMood"]
[Result "0-1"]
[WhiteElo "2481"]
[BlackElo "2905"]
[TimeControl "180+2"]
[EndTime "13:08:37 PST"]
[Termination "Hrant_ChessMood won on time"]

1. e4 c6 2. d4 d5 3. e5 Bf5 4. h4 h5 5. Bd3 Bxd3 6. Qxd3 Qa5+ 7. Nd2 e6 8. Nf3 Ne7 9. O-O Nf5 10. b3 Be7 11. g3 Nd7 12. c4 Rd8 13. Qc2 O-O 14. Bb2 Qa6 15. Rfd1 Rc8 16. c5 b6 17. b4 bxc5 18. bxc5 Rb8 19. Nb3 Qa4 20. Rdc1 Rb7 21. Bc3 Bd8 22. Rab1 Bc7 23. Nbd2 Qxc2 24. Rxc2 Rxb1+ 25.
Nxb1 Rb8 26. Nbd2 f6 27. exf6 gxf6 28. Nb3 Kf7 29. Ba5 Rxb3 30. axb3 Bxa5 31. Ra2 Bc3 32. Rxa7 Ke7 33. Ra4 e5 34. dxe5 fxe5 35. b4 e4 36. Ng5 Nd4 37. g4 hxg4 38. h5 Nf5 39. Nh7 Bd2 40.
Kf1 g3 0-1

[Event "*** Titled Tuesday Blitz"]
[Site "Chess.com"]
[Date "2020.02.04"]
[Round "1"]
[White "XiaoKangZhong"]
[Black "Bulldog167"]
[Result "0-1"]
[WhiteElo "2340"]
[BlackElo "2674"]
[TimeControl "180+2"]
[EndTime "13:08:37 PST"]
[Termination "Bulldog167 won by resignation"]

1. e4 e6 2. d4 d5 3. Nd2 c5 4. exd5 Qxd5 5. Ngf3 cxd4 6. Bc4 Qd7 7. O-O a6 8. a4 Nc6 9. Nb3 Nf6 10. Nbxd4 Nxd4 11. Nxd4 Qc7 12. Qe2 Bc5 13. Be3 O-O 14. Rad1 Bd7 15. b3 Rad8 16. Bg5 Kh8 17. Bxf6 gxf6 18. Qf3 f5 19. Qh5 Qe5 20. Nf3 Qg7 21. Be2 Rg8 22. Nh4 Bc6 23. Bf3 Bxf3 24. Qxf3 Qg4 25. Qg3 Qxd1 26. Qe5+ Rg7 27. Qxc5 Qd4 28. Qxd4 Rxd4 29. Nf3 Rd5 30. Rc1 f6 31. Kf1 e5 32. g3 Kg8 33. Ke2 Rc7 34. c4 Rd8 35. b4 Kf7 36. Rc3 Rdc8 37. Nd2 Ke6 38. b5 axb5 39. axb5 Ra8 40.
Rd3 Ra2 41. Ke3 Rd7 42. Rxd7 Kxd7 43. Kd3 Kd6 44. Kc3 b6 45. h3 h6 46. f3 Ra1 47. g4 fxg4 48. hxg4 Ke6 49. Kd3 f5 50. gxf5+ Kxf5 51. Ne4 Kf4 52. Ke2 Ra2+ 53. Nd2 h5 54. Kd3 h4 55. c5 bxc5 56. b6 Rb2 57. Nc4 Rb4 58. Kc3 h3 59. Ne3 Kxe3 0-1

[Event "*** Titled Tuesday Blitz"]
[Site "Chess.com"]
[Date "2020.02.04"]
[Round "1"]
[White "mishanick"]
[Black "valeriocarnicelli"]
[Result "1-0"]
[WhiteElo "3011"]
[BlackElo "2508"]
[TimeControl "180+2"]
[EndTime "13:08:40 PST"]
[Termination "mishanick won by resignation"]

1. d4 d5 2. c4 c6 3. Nf3 Nf6 4. Nc3 dxc4 5. a4 Bf5 6. Ne5 Nbd7 7. Nxc4 Qc7 8. g3 e5 9. dxe5 Nxe5 10. Bf4 Nfd7 11. Bg2 f6 12. Nxe5 Nxe5 13. O-O Be6 14.
Qc2 Bd6 15. Rfc1 a6 16. Ne4 Be7 17. Nc5 Bf7 18. Qc3 O-O 19. b4 Rfd8 20. a5 Bxc5 21.
bxc5 Bd5 22. e4 Be6 23. Rd1 h6 24. h4 Kf7 25. Rab1 Bg4 26. f3 Be6 27. Bf1 Rxd1 28. Rxd1 Rd8 29. Rxd8 Qxd8 30. Bxe5 fxe5 31. Qxe5 Qxa5 32.
f4 Qd8 33. f5 Bb3 34. Qb2 Qd1 35. Kf2 a5 36. Be2 Qc2 37. Qxc2 Bxc2 38. Ke3 a4 39. Bc4+ Kf6 40. Kd4 Bb1 41. g4 a3 42. e5+ Ke7 43. Kc3 h5 44. Be2 hxg4 45. Bxg4 Kf7 46. h5 Ke7 47. Kb3 a2 48. Kb2 Kf7 49. Ka1 Ke7 50. Kb2 Kf7 51. Bh3 Ke7 52. h6 gxh6 53. f6+ Kf7 54. Bg4 Be4 55. Kxa2 Bd5+ 56. Kb2 Be6 57. Bh5+ Kf8 58. Kc3 Bf7 59. Bxf7 Kxf7 60. Kd4 Ke6 61. Ke4 1-0

[Event "*** Titled Tuesday Blitz"]
[Site "Chess.com"]
[Date "2020.02.04"]
[Round "1"]
[White "MartinCerveny"]
[Black "Walter_White_Poland"]
[Result "1-0"]
[WhiteElo "2585"]
[BlackElo "2240"]
[TimeControl "180+2"]
[EndTime "13:08:41 PST"]
[Termination "MartinCerveny won by resignation"]

1. d4 Nf6 2. c4 e6 3. Nc3 Bb4 4. e3 O-O 5. Ne2 d5 6. a3 Be7 7. Ng3 c6 8. Bd2 b6 9. Rc1 a5 10. cxd5 cxd5 11. Nb5 Na6 12. Bd3 Bd7 13. O-O Rc8 14. Qe2 Rxc1 15. Rxc1 Qb8 16. f3 Rc8 17. Qd1 Nc7 18. Nxc7 Rxc7 19. Rc2 Rxc2 20. Qxc2 Qc8 21. Qd1 Qc7 22. Ne2 g6 23. Be1 Kg7 24. Bg3 Qc6 25.
Be5 Kg8 26. g4 Ne8 27. Bg3 Nd6 28.
b3 Nb5 29. a4 Nc3 30. Nxc3 Qxc3 31. Kf1 f6 32. Ke2 Bb4 33. Qc2 Kf7 34. Qxc3 Bxc3 35. Bc7 e5 36. Bxb6 f5 37. gxf5 Bxf5 38. dxe5 Ke6 39. Bd4 Bb4 40. Bxf5+ Kxf5 41. Kd3 g5 42. h3 h5 43. Bb2 Be1 44. Kd4 Bb4 45. Kxd5 1-0

[Event "*** Titled Tuesday Blitz"]
[Site "Chess.com"]
[Date "2020.02.04"]
[Round "1"]
[White "LuckIsMySkill"]
[Black "FrogMist"]
[Result "1-0"]
[WhiteElo "2766"]
[BlackElo "2415"]
[TimeControl "180+2"]
[EndTime "13:08:42 PST"]
[Termination "LuckIsMySkill won by checkmate"]

1. Nf3 Nf6 2. c4 e6 3. g3 d5 4. b3 Be7 5. Bb2 O-O 6. Bg2 c5 7. O-O Nc6 8. Ne5 Nxe5 9. Bxe5 d4 10. d3 Nd7 11. Bf4 e5 12. Bc1 Qc7 13. b4 cxb4 14.
a3 b3 15. Nd2 Rb8 16. Qxb3 Nc5 17. Qc2 b6 18. a4 Bd7 19. Ne4 Ne6 20. Ba3 Bxa3 21.
Rxa3 f5 22. Nd2 Nc5 23. f4 Rbe8 24. Bd5+ Kh8 25. fxe5 Qxe5 26. Rf2 f4 27. Nf3 Qe3 28. a5 fxg3 29. hxg3 Rf6 30. axb6 axb6 31. Qd2 Qe7 32. Ra7 Ref8 33. Qg5 Qd6 34. Rh2 Rg6 35. Qh4 Rh6 36. Qxd4 Qxg3+ 37. Rg2 Rh1+ 38. Kxh1 Qh3+ 39. Kg1 Qh6 40. Ra8 Rxa8 41. Bxa8 Bh3 42. Qd8# 1-0

[Event "*** Titled Tuesday Blitz"]
[Site "Chess.com"]
[Date "2020.02.04"]
[Round "1"]
[White "saraswathii"]
[Black "AleksanderHnydiuk"]
[Result "0-1"]
[WhiteElo "2170"]
[BlackElo "2560"]
[TimeControl "180+2"]
[EndTime "13:08:43 PST"]
[Termination "AleksanderHnydiuk won by resignation"]

1. d4 Nf6 2. Bf4 e6 3. e3 c5 4.
c3 b6 5. Nf3 Be7 6. Be2 Nh5 7.
Bg3 Bb7 8. O-O Nxg3 9. hxg3 O-O 10. Nbd2 d6 11. e4 Nd7 12. Rc1 a6 13. Qc2 b5 14. a4 Qb6 15. axb5 axb5 16. Ra1 Bf6 17. Qd3 c4 18. Qc2 e5 19. d5 Nc5 20. b4 cxb3 21.
Nxb3 Na4 22. Qd3 Ba6 23. Rfb1 Rfc8 24. Rc1 b4 25. c4 Nc3 26. Rxc3 bxc3 27. Qxc3 Rc7 28.
Nfd2 Bb7 29. Rxa8+ Bxa8 30. Kf1 Bb7 31. Qa1 Bc8 32. Qa5 Qxa5 33. Nxa5 Bd7 34. Bd3 Kf8 35. Ke2 Ke8 36. Ndb3 Ra7 37. Ke3 Bd8 38. Nc6 Bxc6 39. dxc6 Bb6+ 40. c5 Bxc5+ 41. Nxc5 dxc5 42. Bb5 Kd8 43. Kd3 Kc7 0-1

[Event "*** Titled Tuesday Blitz"]
[Site "Chess.com"]
[Date "2020.02.04"]
[Round "1"]
[White "Korchmar_Vasiliy"]
[Black "IakovUlivar"]
[Result "0-1"]
[WhiteElo "2783"]
[BlackElo "2443"]
[TimeControl "180+2"]
[EndTime "13:08:44 PST"]
[Termination "IakovUlivar won on time"]

1. d4 d5 2. c4 e6 3. Nf3 a6 4.
g3 dxc4 5. Bg2 b5 6. Ne5 Ra7 7.
O-O Bb7 8. e4 Nf6 9. a4 Ra8 10. axb5 axb5 11. Rxa8 Bxa8 12. b3 Nbd7 13. bxc4 Nxe5 14. dxe5 Qxd1 15. Rxd1 Nd7 16. cxb5 Nxe5 17. Bf4 f6 18. Nd2 Bc5 19. Bxe5 fxe5 20. Nf3 Bxe4 21. Nxe5 Bxg2 22. Kxg2 Bd6 23. Nc4 Ke7 24. Na5 Ra8 25. Nc6+ Kf6 26. Rd3 Ra2 27. Rf3+ Kg6 28. Nd4 Rb2 29. Nxe6 Rxb5 30. h4 h6 31. g4 h5 32. g5 Rb4 33. Kh3 Re4 34. Nd8 Rf4 35. Rxf4 Bxf4 36. Nc6 Bd6 37. Kg2 Kf5 38. Kf3 Bc5 39. Nd8 Ke5 40. Kg3 Bd6 41. Kf3 c5 0-1

[Event "*** Titled Tuesday Blitz"]
[Site "Chess.com"]
[Date "2020.02.04"]
[Round "1"]
[White "amiralfio"]
[Black "ChEsper99"]
[Result "0-1"]
[WhiteElo "2508"]
[BlackElo "2020"]
[TimeControl "180+2"]
[EndTime "13:08:46 PST"]
[Termination "ChEsper99 won by resignation"]

1. d4 Nf6 2. Bf4 g6 3. Nc3 d5 4. e3 Bg7 5. h4 h5 6. Nf3 c6 7.
Ne5 Nbd7 8. Be2 Nxe5 9. Bxe5 Kf8 10. f3 Nd7 11. Bxg7+ Kxg7 12. Qd2 e5 13. O-O-O exd4 14. exd4 Nf6 15. g4 hxg4 16. fxg4 Bxg4 17. Bxg4 Nxg4 18. Qf4 Rxh4 19. Kb1 Rxh1 20. Rxh1 Qd7 21. a4 Rh8 22. Rxh8 Kxh8 23. Qb8+ Kg7 24. Qxa7 f5 25. Qb8 Nf6 26. Ne2 g5 27. Qe5 Kg6 28. Qg3 Ne4 29. Qe5 Qd6 30. Qe8+ Kg7 31. Qc8 f4 32. Qxb7+ Kg6 33.
Qc8 f3 34. Qg8+ Kf5 35. Qf7+ Nf6 36. Ng3+ Qxg3 37. Qf8 f2 38. Qc8+ Kf4 39. a5 f1=Q+ 40. Ka2 Qc4+ 41. b3 0-1

[Event "*** Titled Tuesday Blitz"]
[Site "Chess.com"]
[Date "2020.02.04"]
[Round "1"]
[White "M1711"]
[Black "FairChess_on_YouTube"]
[Result "0-1"]
[WhiteElo "2510"]
[BlackElo "3023"]
[TimeControl "180+2"]
[EndTime "13:08:51 PST"]
[Termination "FairChess_on_YouTube won by resignation"]

1. d4 Nf6 2. c4 e6 3. Nf3 b6 4.
g3 c6 5. Bg2 d5 6. Qc2 Bb7 7.
O-O Nbd7 8. Nbd2 Be7 9. e4 dxe4 10. Nxe4 O-O 11. Rd1 Nxe4 12. Qxe4 Nf6 13. Qe2 Qc8 14.
b3 Re8 15. Bb2 c5 16. dxc5 Bxc5 17. Bxf6 gxf6 18. Nh4 Bxg2 19. Nxg2 Qc7 20. Qf3 Qe5 21. Re1 Qg5 22. h4 Qg7 23. Rad1 Rad8 24. Nf4 f5 25. Kg2 Bb4 26. Rxd8 Rxd8 27. Rd1 Qf8 28. Nh5 Be7 29. Rxd8 Qxd8 30. Qb7 a5 31. Nf4 Bc5 32. Qf3 Qd2 33. Qe2 Qd4 34. Nd3 Bd6 35. Ne1 Qe4+ 36. Qxe4 fxe4 37. Nc2 f5 38. Kf1 Kf7 39. Ke2 Kf6 40. Ne3 Bc5 41. Ng2 e5 42. Ne3 f4 43. Nd5+ Kf5 44.
Nc7 f3+ 45. Kf1 e3 46. fxe3 Bxe3 47. Nd5 Bc5 48. a3 e4 49. b4 axb4 50. axb4 Bd4 51. Ne7+ Kg4 52. Nc6 Be3 53. Ne5+ Kxg3 54. c5 bxc5 55.
b5 Bf4 56. Nc4 e3 57. b6 e2+ 58. Ke1 Kg2 59. b7 f2+ 0-1

[Event "*** Titled Tuesday Blitz"]
[Site "Chess.com"]
[Date "2020.02.04"]
[Round "1"]
[White "Manukyan_Artak"]
[Black "Leonid_Starozhilov"]
[Result "0-1"]
[WhiteElo "2338"]
[BlackElo "2671"]
[TimeControl "180+2"]
[EndTime "13:08:53 PST"]
[Termination "Leonid_Starozhilov won by resignation"]

1. e4 g6 2. d4 Bg7 3. c4 d6 4. Nc3 Nc6 5. Be3 Nf6 6. f3 O-O 7. Nge2 a6 8. Qd2 Na5 9. Ng3 b5 10. cxb5 axb5 11. Nxb5 Nb3 12. Qd1 Nxa1 13. Qxa1 h5 14.
Bd3 c6 15. Nc3 Ba6 16. Bxa6 Rxa6 17. O-O Qa5 18. h4 Rb8 19. Rf2 Nd7 20. Qf1 Rb4 21.
Nge2 Rxb2 22. g4 Nf6 23. g5 Nd7 24. f4 Ra8 25. f5 Qa3 26. fxg6 fxg6 27. Qh3 Nf8 28. Qf3 Kh7 29. Qf7 Rxe2 30. Rxe2 Qxc3 31. Qxe7 Qa1+ 32. Kf2 Rxa2 33. Qxd6 Rxe2+ 34. Kxe2 Qa2+ 35. Kf3 Qf7+ 36. Ke2 Qd7 37. Qxd7 Nxd7 38. e5 Kg8 39. Kd3 Kf7 40. Ke4 Ke6 41. Bf2 Bf8 42. Be3 Nb6 43. Bf2 Nd5 44. Be1 Bb4 45. Bg3 Ne7 46. Kd3 Kd5 0-1

[Event "*** Titled Tuesday Blitz"]
[Site "Chess.com"]
[Date "2020.02.04"]
[Round "1"]
[White "Mikasinski"]
[Black "bilelou"]
[Result "1-0"]
[WhiteElo "2243"]
[BlackElo "2554"]
[TimeControl "180+2"]
[EndTime "13:08:53 PST"]
[Termination "Mikasinski won by resignation"]

1. e4 d6 2. d4 g6 3. Nc3 Bg7 4.
Be3 a6 5. Qd2 b5 6. a4 b4 7.
Nce2 a5 8. Ng3 h5 9. h4 Nf6 10. Nf3 Ng4 11. Bg5 Bb7 12. c3 Na6 13. Bb5+ c6 14.
Bd3 O-O 15. O-O c5 16. Rfe1 Qc7 17. Nh2 Nxh2 18. Kxh2 e5 19. d5 c4 20. Bc2 b3 21.
Bd1 Nc5 22. Be2 Nd7 23. Bh6 Qd8 24. Bxg7 Qxh4+ 25. Kg1 Kxg7 26. Bxh5 Nf6 27. Be2 Rac8 28.
Qe3 Rh8 29. Bf3 Rc7 30. Qb6 Rhc8 31. Qxd6 Qg5 32. Qb6 Qd2 33. Re2 Qf4 34. Rd1 Nd7 35. Qxa5 Qf6 36. Qb4 Nc5 37. Qxc4 Ba6 38. Qb4 Bxe2 39.
Bxe2 Qd6 40. Qa3 Ra7 41. Bb5 Qb6 42. d6 Rd8 43. d7 Qc7 44. Rd5 Ne6 45. Qe7 Rh8 46.
d8=Q Qxe7 47. Qxe7 Rxe7 48. Rxe5 Rd8 49. Rd5 Rb8 50.
Ne2 Nc7 51. Rc5 Nxb5 52. Rxb5 Ra8 53. Rb4 Rxe4 54. Rxe4 Rd8 55. Nd4 Rb8 56. Re5 Ra8 57. a5 Rxa5 58. Rxa5 1-0

[Event "*** Titled Tuesday Blitz"]
[Site "Chess.com"]
[Date "2020.02.04"]
[Round "1"]
[White "r31415"]
[Black "DarkAlekhine"]
[Result "0-1"]
[WhiteElo "2379"]
[BlackElo "2710"]
[TimeControl "180+2"]
[EndTime "13:08:54 PST"]
[Termination "DarkAlekhine won by resignation"]

1. e4 d5 2. exd5 Qxd5 3. Nf3 Bg4 4. Be2 Nc6 5. d4 Nf6 6. h3 Bxf3 7. Bxf3 Qe6+ 8.
Be3 Nd5 9. Bxd5 Qxd5 10. O-O O-O-O 11. Nc3 Qc4 12. Qg4+ e6 13. Rfd1 h5 14. Qf3 f6 15.
Qe4 Bb4 16. Ne2 Qxe2 17. Qxe6+ Kb8 18. c3 Bd6 19. d5 Ne5 20. Rd2 Qa6 21. b3 Rhe8 22. Qf5 c6 23. Qxh5 cxd5 24. Rxd5 Bc7 25. Rad1 Qc6 26. c4 Rxd5 27. Rxd5 Rd8 28. Rc5 Qd7 29.
Rd5 Qe6 30. Rc5 Bb6 31. Rb5 Bxe3 32. fxe3 Nc6 33. Qf3 a6 34. Rh5 Ka7 35. Rh7 Ne5 36. Qg3 Rd1+ 37. Kh2 g5 38. Qf2 Qd6 39. g3 Rd2 40. c5 0-1

[Event "*** Titled Tuesday Blitz"]
[Site "Chess.com"]
[Date "2020.02.04"]
[Round "1"]
[White "SuperCheese"]
[Black "renehp"]
[Result "1-0"]
[WhiteElo "2692"]
[BlackElo "2366"]
[TimeControl "180+2"]
[EndTime "13:08:56 PST"]
[Termination "SuperCheese won by resignation"]

1. d4 Nf6 2. c4 e6 3. Nc3 Bb4 4. Qc2 d5 5. Nf3 c5 6. cxd5 exd5 7. Bg5 Nc6 8. e3 h6 9. Bh4 g5 10. Bg3 Ne4 11. Bd3 Bf5 12. O-O Bxc3 13. bxc3 c4 14. Bxe4 Bxe4 15. Qb2 b6 16. Nd2 Bd3 17. Rfe1 O-O 18.
f3 Ne7 19. e4 dxe4 20. fxe4 f5 21. Be5 fxe4 22. Nxe4 Nd5 23. Nf2 Bf5 24. Re2 Qd7 25. Rae1 Rf7 26. Qd2 Raf8 27. h4 Bg6 28. hxg5 Bh5 29.
g6 Bxg6 30. Qxh6 Rg7 31. Bxg7 Qxg7 32. Qxg7+ Kxg7 33. Rc1 b5 34. Re5 Bf7 35. Ne4 a6 36.
Rf1 Ne3 37. Rf3 Nc2 38. Rg5+ Bg6 39. Rxf8 Kxf8 40. Rxg6 b4 41. cxb4 Nxd4 42. Rxa6 Ne2+ 43. Kf2 Nf4 44. b5 Nd5 45. b6 Nxb6 46. Rxb6 Ke7 47. Rc6 1-0

[Event "*** Titled Tuesday Blitz"]
[Site "Chess.com"]
[Date "2020.02.04"]
[Round "1"]
[White "dmosesov"]
[Black "Fortitudine"]
[Result "1-0"]
[WhiteElo "2580"]
[BlackElo "2226"]
[TimeControl "180+2"]
[EndTime "13:08:58 PST"]
[Termination "dmosesov won by resignation"]

1. d4 Nf6 2. c4 c5 3. d5 b5 4.
cxb5 a6 5. f3 g6 6. e4 d6 7. Na3 Bg7 8. Ne2 O-O 9. Nc3 Nbd7 10.
Be2 Qa5 11. O-O axb5 12. Naxb5 Ba6 13. a4 Rfb8 14. Ra3 Ne8 15. Bd2 Qd8 16. Qc2 Nc7 17. Rfa1 Nb6 18. Nxc7 Qxc7 19. Nb5 Qd7 20. Bc3 Bh6 21.
Kh1 Rb7 22. b3 Nc8 23. Bb2 Na7 24. Qc3 f6 25. Qa5 Nc8 26. b4 Bxb5 27. Bxb5 Rxa5 28. Bxd7 cxb4 29. Be6+ Kg7 30. Rb3 Na7 31. Bd4 Bd2 32.
Ra2 Bf4 33. Kg1 Be5 34. Be3 g5 35. Kf2 Nb5 36. Rxb4 Rba7 37. Bxa7 Nxa7 38. Rc2 h5 39.
g3 h4 40. Rc7 1-0